 Dungeon Crawl Stone Soup version 0.29.1-12-g30fa7ad0bf (webtiles) character file.

Game seed: 5693292607000402768

1183 unlimited1921 the Magician (level 8, -3/51 HPs)
             Began as a Djinni Fire Elementalist on Jan 7, 2023.
             Shot with an arrow by a centaur (10 damage)
             ... on level 5 of the Dungeon.
             The game lasted 00:23:32 (9501 turns).

unlimited1921 the Magician (DjFE)                   Turns: 9501, Time: 00:23:34

Health: -3/51      AC:  3    Str:  7    XL:     8   Next: 70%
Gold:   128        EV: 12    Int: 18    God:
                   SH:  5    Dex: 15

rFire   + + .      SeeInvis .   v - +1 flail (protect)
rCold   . . .      Faith    .   (no shield)
rNeg    . . .      Spirit   .   a - +0 robe
rPois   ∞          Reflect  +   r - +0 helmet
rElec   .          Harm     .   (no cloak)
rCorr   .          Rampage  .   (no gloves)
Will    .....                   (boots unavailable)
Stlth   ++........              m - amulet of reflection
HPRegen 0.17/turn               g - ring of protection from cold
MPRegen 0.00/turn               (no ring)

@: flying
A: sickness immunity, fire resistance 2, cold vulnerability 1, float, innate
caster, HP casting, extra vitality 1
a: no special abilities


You were on level 5 of the Dungeon.
You visited 1 branch of the dungeon, and saw 5 of its levels.

You collected 168 gold pieces.
You spent 40 gold pieces at shops.

Inventory:

Hand Weapons
 b - a +0 rapier
 h - a +2 dagger of speed
 v - a +1 flail of protection (weapon)
 x - a +1 mace of draining
Missiles
 d - 6 boomerangs
Armour
 a - a +0 robe (worn)
 i - a +0 leather armour
 r - a +0 helmet (worn)
Jewellery
 g - a ring of protection from cold (left hand)
 m - an amulet of reflection (around neck)
Scrolls
 e - 3 scrolls of teleportation
 f - a scroll of acquirement
 k - a scroll of vulnerability {unknown}
 l - 2 scrolls of enchant weapon {unknown}
 n - a scroll of summoning {unknown}
 o - a scroll of blinking {unknown}
 s - a scroll of enchant armour
 t - a scroll of identify
Potions
 c - 2 potions of magic {unknown}
 p - a potion of haste
 q - a potion of curing
 u - 2 potions of mutation {unknown}
 w - a potion of lignification {unknown}


   Skills:
 + Level 0.5 Fighting
 + Level 0.4 Maces & Flails
 + Level 2.5 Dodging
 + Level 3.6 Stealth
 + Level 0.1 Shields
 + Level 7.2 Spellcasting


You had 3 spell levels left.
You knew the following spells:

 Your Spells              Type           Power      Damage    Failure   Level
a - Foxfire               Conj/Fire      100%       2x1d9     1%          1
b - Scorch                Fire           64%        2d8       1%          2
c - Conjure Flame         Conj/Fire      32%        6-21      1%          3
d - Inner Flame           Hex/Fire       32%        N/A       1%          3
e - Flame Wave            Conj/Fire      32%        2d9       5%          4
f - Magic Dart            Conj           100%       1d8       1%          1
g - Static Discharge      Conj/Air       32%        3-7/arc   1%          2
h - Ensorcelled Hibernat  Hex/Ice        64%        N/A       1%          2
Your spell library was empty.

Dungeon Overview and Level Annotations

Branches:
Dungeon (5/15)
 Temple: D:4-7

Altars:
Hepliaklqana

Shops:
D:2 ?   D:3 =


Innate Abilities, Weirdness & Mutations

You are immune to sickness and miasma.
You are immune to poison.
Your flesh is very heat resistant. (rF++)
You are vulnerable to cold. (rC-)
You float through the air rather than walking.
You learn spells naturally, not from books.
Your magical power is your life essence.
You have superior vitality. (+4 MHP)


Message History

The scorpion is lightly wounded.
The scorpion is engulfed in blazing flames.
Flame seeps out of the scorpion.
Casting: Foxfire (safe; 1% risk of failure)
Confirm with . or Enter, or press ? or * to list all spells.
You conjure some foxfire!
* * * LOW HITPOINT WARNING * * *
A centaur comes into view.
The scorpion stings you.
* * * LOW HITPOINT WARNING * * *
The foxfire hits the gnoll.
Flame seeps out of the gnoll.
The gnoll is moderately wounded.
The centaur moves out of view.
The foxfire hits the gnoll!
Flame seeps out of the gnoll.
The gnoll is almost dead.
Casting: Foxfire (safe; 1% risk of failure)
Confirm with . or Enter, or press ? or * to list all spells.
Okay, then.
Unknown command.
As you read the scroll of fear, it crumbles to dust.
You assume a fearsome visage.
The centaur looks frightened!
The gnoll looks frightened!
The scorpion looks frightened!
The centaur looks frightened!
The gnoll is engulfed in blazing flames.
The gnoll explodes!
The fiery explosion engulfs the scorpion!!!
The scorpion explodes!
You hear a shout!
You feel better.
The centaur wields a +0 shortbow.
The centaur shoots an arrow.
The arrow hits you!
* * * LOW HITPOINT WARNING * * *
Casting: Foxfire (safe; 1% risk of failure)
Confirm with . or Enter, or press ? or * to list all spells.
Aiming: Inner Flame (safe; 1% risk of failure)
Press: ? - help, Dir - move target, f - centaur
Aim: a centaur, wielding a +0 shortbow (chance to affect: 85%)
The centaur is filled with an inner flame.
* * * LOW HITPOINT WARNING * * *
The centaur shoots an arrow.
The arrow hits you!
You die...

................
...............# ....
........=......#
.....
#####..........#
..... #..........#
#.....
##......######......
##÷..........#......
##...................
#............@.......
#........(.÷§.§§#....
#...........§§)§# .
#...........§§§§#
#..............c#
##.................
##.....#.....##...))
##......#.#.. =..).
....###<####.....


You could see a centaur (inner flame).

Vanquished Creatures
  Grinder (D:3)
  Sigmund (D:2)
  The ghost of growler the Poker, an amateur DsWn (D:3)
  A phantom (D:4)
  2 scorpions (D:5)
  2 hounds (D:4)
  A jelly (D:5)
  2 gnoll boudas
  2 orc priests (D:4)
  3 iguanas
  An orc wizard (D:4)
  8 gnolls
  7 adders
  A river rat (D:3)
  A shadow imp (D:3)
  3 worms (D:2)
  A dart slug (D:1)
  8 orcs
  3 endoplasms
  7 giant cockroaches
  8 goblins
  6 hobgoblins
  9 kobolds
  9 quokkas
  10 ball pythons
  6 bats
  6 frilled lizards
  3 rats
113 creatures vanquished.

Vanquished Creatures (others)
  376 foxfires
376 creatures vanquished.

Grand Total: 489 creatures vanquished

Notes
Turn   | Place    | Note
-------+----------+-------------------------------------------
     0 | D:1      | unlimited1921 the Djinni Fire Elementalist began the quest
                  | for the Orb.
     0 | D:1      | unlimited1921 set off with the following spells memorised:
                  | Foxfire, Scorch, Conjure Flame, Inner Flame, Flame Wave.
     0 | D:1      | Reached XP level 1. HP: 15/15 MP: 0/0
   529 | D:1      | Reached XP level 2. HP: 16/21 MP: 0/0
  1728 | D:1      | Reached skill level 3 in Spellcasting
  1963 | D:1      | Reached XP level 3. HP: 23/25 MP: 0/0
  1963 | D:1      | Learned a level 1 spell: Magic Dart
  2775 | D:2      | Noticed Sigmund
  2778 | D:2      | Killed Sigmund
  2779 | D:2      | Reached skill level 4 in Spellcasting
  2779 | D:2      | Reached XP level 4. HP: 15/31 MP: 0/0
  2779 | D:2      | Reached XP level 5. HP: 17/35 MP: 0/0
  2779 | D:2      | Learned a level 2 spell: Static Discharge
  3031 | D:2      | Reached XP level 6. HP: 38/40 MP: 0/0
  4037 | D:2      | Found Toziamet's Magic Scroll Boutique.
  4045 | D:2      | Bought a scroll of identify for 20 gold pieces
  4045 | D:2      | Bought a scroll of identify for 20 gold pieces
  4046 | D:2      | Identified a scroll of acquirement
  4186 | D:2      | Found a faded altar of an unknown god.
  5309 | D:3      | Found Fucwippe's Jewellery Shoppe.
  5813 | D:3      | Found a runed translucent door.
  5818 | D:3      | Noticed growler's ghost (amateur DsWn)
  5822 | D:3      | Killed growler's ghost
  5823 | D:3      | Reached skill level 5 in Spellcasting
  5831 | D:3      | Found a runed translucent door.
  5979 | D:3      | Noticed Grinder
  5994 | D:3      | Paralysed by Grinder for 5 turns
  6006 | D:3      | Killed Grinder
  6007 | D:3      | Reached XP level 7. HP: 26/45 MP: 0/0
  6007 | D:3      | Learned a level 2 spell: Ensorcelled Hibernation
  6241 | D:5      | Entered Level 5 of the Dungeon
  6288 | D:4      | Reached skill level 6 in Spellcasting
  6808 | D:4      | Reached XP level 8. HP: 47/50 MP: 0/0
  8652 | D:5      | Found a hazy altar of Hepliaklqana.
  8806 | D:5      | Reached skill level 7 in Spellcasting
  9501 | D:5      | Shot with an arrow by a centaur

Illustrated notes

Levels and vault maps discovered:
D:1:      evilmike_arrival_plus, layout_rooms
D:2:      layout_loops_cross, hellmonk_ecumenical_altar_arch_garden,
          serial_shops, nicolae_shop_crystal, uniq_sigmund
D:3:      layout_loops_corners, ebering_ghost_sewer_f, serial_shops,
          shop_fountains, portal_sewer_entry_f, grunt_ministairs_6,
          minmay_misc_feat_pillars, uniq_grinder
D:4:      layout_loops_cross, serial_glass, glass_columns_a, glass_columns_a,
          minmay_strange_pillars, due_unseen_surprise,
          ebering_dispersal_statue_hall, wad_floor_pattern_2
D:5:      layout_rooms, mainiacjoe_overflow_alcove_4, kiku_gazebo_pond_becter,
          minmay_fountain_box, hangedman_abyss_or_decor_passed,
          minmay_manual_mares

Skill      XL: |  1  2  3  4  5  6  7  8 |
---------------+-------------------------+-----
Spellcasting   | 3 4 5 6 7 |  7.2
Stealth        | 2 3 |  3.6
Fighting       | |  0.5
Maces & Flails | |  0.4
Dodging        | |  2.5
Shields        | |  0.1

Action                   |  1- 3 |  4- 6 |  7- 9 || total
-------------------------+-------+-------+-------++-------
Melee: Quarterstaff      |     3 |       |       ||     3
       Flail             |       |       |    26 ||    26
 Cast: Foxfire           |    46 |   109 |    85 ||   240
       Scorch            |    10 |    12 |    14 ||    36
       Inner Flame       |       |     1 |    13 ||    14
       Magic Dart        |       |     1 |       ||     1
       Ensorcelled Hiber |       |       |     1 ||     1
  Use: Scroll            |       |     6 |     4 ||    10
       Potion            |       |     1 |     1 ||     2
Armor: Robe              |     2 |       |    15 ||    17
Dodge: Dodged            |    10 |       |    17 ||    27
Block: Other             |       |       |     8 ||     8
